 Dungeon Crawl Stone Soup version 0.31-a0-986-g5e6e4ef867 (webtiles) character file.

Game seed: 11661973538056755118

1112 Strat the Ruffian (level 8, -2/59 HPs)
             Began as a Black Draconian Shapeshifter on Nov 15, 2023.
             Was a Believer of Wu Jian.
             Shot with an arrow by a centaur (16 damage)
             ... on level 6 of the Dungeon.
             The game lasted 00:09:02 (4099 turns).

Strat the Ruffian (Black Draconian Shapeshifter)    Turns: 4099, Time: 00:09:02

Health: -2/59      AC:  6    Str: 19    XL:     8   Next: 11%
Magic:  8/8        EV: 12    Int: 17    God:    Wu Jian [**....]
Gold:   245        SH:  0    Dex: 10    Spells: 4/7 levels left

rFire   . .          .
                       - Unarmed
rCold   + . .        (no shield)
rNeg    . . .        (body armour unavailable)
rPois   .            (helmet currently unavailable)
rElec   +            (cloak currently unavailable)
rCorr   .            (gloves currently unavailable)
SInv    .            (boots currently unavailable)
Will    .....        (no amulet)
Stlth   +            i - ring of protection from cold
HPRegen 0.29/turn    l - +6 ring of intelligence
MPRegen 0.11/turn

%: no passive effects
@: beast-form, invisible
A: beast (slay +3), breathe lightning, AC +6, unfitting armour, electricity
resistance, cold-blooded
a: Breathe Lightning, Begin Untransformation, Renounce Religion, Wall Jump


You were on level 6 of the Dungeon.
You worshipped Wu Jian.
Wu Jian was pleased with you.
You were a hulking beast.
You visited 1 branch of the dungeon, and saw 6 of its levels.

You collected 284 gold pieces.
You spent 39 gold pieces at shops.

Inventory:

Missiles
 h - 2 poisoned darts
Armour
 f - a +0 cloak
 g - a +2 cloak
Jewellery
 i - a ring of protection from cold (left hand)
 l - a +6 ring of intelligence (right hand)
Talismans
 b - a beast talisman
 c - a flux talisman
Wands
 d - a wand of flame (28)
 o - a wand of polymorph (6)
Scrolls
 e - 4 scrolls of identify
 j - a scroll of revelation
 v - 2 scrolls of teleportation
Potions
 a - 3 potions of lignification
 m - 2 potions of curing
 n - a potion of enlightenment
 p - a potion of ambrosia
 s - a potion of attraction


   Skills:
 - Level 1.1 Fighting
 - Level 1.7 Dodging
 + Level 7.4 Unarmed Combat
 + Level 6.9 Shapeshifting


You had 4 spell levels left.
You knew the following spells:

 Your Spells              Type           Power      Damage    Failure   Level
a - Apportation           Tloc           0%         N/A       24%         1
b - Blink                 Tloc           0%         N/A       34%         2

Your spell library contained the following spells:

 Spells                   Type           Power      Damage    Failure   Level
 Jinxbite                 Hex            0%         N/A       34%         2
 Manifold Assault         Tloc           0%         N/A       93%         4
 Alistair's Intoxication  Tmut/Pois      0%         N/A       100%        5


Dungeon Overview and Level Annotations

Branches:
Dungeon (6/15)             Temple (0/1) D:5

Altars:
Dithmenos
Elyvilon
Wu Jian

Shops:
D:2 !


Innate Abilities, Weirdness & Mutations

You are a hulking beast.
Your limbs bulge with bestial killing power. (Slay +3)
You can breathe wild blasts of lightning.
Your glossy black scales are hard. (AC +6)
You cannot fit into any form of body armour.
You are resistant to electric shocks. (rElec)
You are cold-blooded and may be slowed by cold attacks.


Message History

The centaur shoots an arrow.
The arrow closely misses you. The hound completely misses you.
The centaur shoots an arrow.
The arrow hits you.
You hit the hound. Your punch misses the hound.
The hound is severely wounded.
The hound bites you but does no damage.
The centaur shoots an arrow.
The arrow hits you!
* * * LOW HITPOINT WARNING * * *
You are too injured to fight recklessly!
You are too injured to fight recklessly!
You are too injured to fight recklessly!
The centaur shoots an arrow.
The arrow hits you!
* * * LOW HITPOINT WARNING * * *
The hound bites you but does no damage.
The centaur shoots an arrow.
The arrow misses you. The hound attacks as it pursues you!
The hound misses you.
The centaur shoots an arrow.
The arrow hits you.
* * * LOW HITPOINT WARNING * * *
There is a stone staircase leading up here.
You closely miss the hound.
The hound is heavily wounded.
The hound bites you.
* * * LOW HITPOINT WARNING * * *
The centaur shoots an arrow.
The arrow closely misses you.
You punch the hound!
You kill the hound!
The Council accepts your kill.
The centaur shoots an arrow.
The arrow hits you!
* * * LOW HITPOINT WARNING * * *
You feel much better.
The centaur shoots an arrow.
The arrow hits you!
* * * LOW HITPOINT WARNING * * *
The centaur shoots an arrow.
The arrow hits you.
* * * LOW HITPOINT WARNING * * *
You fade into invisibility!
The centaur shoots an arrow.
The arrow closely misses you.
The centaur shoots an arrow.
The arrow hits you!
* * * LOW HITPOINT WARNING * * *
The centaur shoots an arrow.
The arrow misses you.
The centaur shoots an arrow.
The arrow hits you!
You die...

#. .## #.
...###.####
..........#
...c......#
.#........####.##
.................
.......h..#
###......†#
#......<#
####.#### #+


You could see a centaur (unable to see you).

Vanquished Creatures
  Eustachio (D:4)
  3 ogres
  3 scorpions
  A jelly (D:4)
  5 hounds
  An iguana (D:5)
  Jessica (D:3)
  Ijyb (D:5)
  Terence (D:3)
  8 gnolls
  7 adders
  A shadow imp (D:5)
  2 ufetubi (D:5)
  2 worms (D:3)
  5 dart slugs
  An orc (D:4)
  9 endoplasms
  5 giant cockroaches
  5 goblins
  9 hobgoblins
  6 jackals
  4 quokkas
  8 ball pythons
  12 bats
  5 kobolds
  6 rats
112 creatures vanquished.

Notes
Turn   | Place    | Note
-------+----------+-------------------------------------------
     0 | D:1      | Strat the Draconian Shapeshifter began the quest for the
                  | Orb.
     0 | D:1      | Reached XP level 1. HP: 16/16 MP: 1/1
    67 | D:1      | Reached XP level 2. HP: 18/23 MP: 2/2
   355 | D:1      | Reached XP level 3. HP: 28/28 MP: 3/3
   550 | D:2      | Found an ornate altar of the Wu Jian Council.
   600 | D:2      | Became a worshipper of the Wu Jian Council
   692 | D:2      | Found a faded altar of an unknown god.
   840 | D:2      | Reached skill level 4 in Unarmed Combat
   889 | D:2      | Found Imuutz's Distillery.
   897 | D:2      | Bought a potion of curing for 39 gold pieces
   909 | D:2      | Reached XP level 4. HP: 35/35 MP: 4/4
   963 | D:3      | Noticed Jessica
   963 | D:3      | Noticed Terence
   968 | D:3      | Killed Terence
   974 | D:3      | Killed Jessica
  1038 | D:3      | Reached * piety under Wu Jian
  1230 | D:3      | Reached XP level 5. HP: 40/40 MP: 5/5
  1391 | D:3      | Found a shadowy altar of Dithmenos.
  2073 | D:3      | Reached skill level 5 in Unarmed Combat
  2097 | D:4      | Noticed an ogre
  2199 | D:4      | Reached skill level 5 in Shapeshifting
  2199 | D:4      | Reached XP level 6. HP: 38/47 MP: 6/6
  2602 | D:4      | Reached skill level 6 in Unarmed Combat
  2648 | D:4      | Noticed Eustachio
  2653 | D:4      | Reached ** piety under Wu Jian
  2900 | D:4      | Killed Eustachio
  2901 | D:4      | Your scales start taking on a glossy black colour.
  2901 | D:4      | Reached XP level 7. HP: 43/52 MP: 7/7
  2901 | D:4      | Gained mutation: You are resistant to electric shocks.
                  | (rElec) [Black Draconian growth]
  3160 | D:5      | Entered Level 5 of the Dungeon
  3290 | D:5      | Found an ornate altar of the Wu Jian Council.
  3363 | D:5      | Noticed Ijyb
  3378 | D:5      | Paralysed by Ijyb for 3 turns
  3385 | D:5      | Killed Ijyb
  3674 | D:5      | Reached skill level 7 in Unarmed Combat
  3689 | D:5      | Learned a level 1 spell: Apportation
  3723 | D:5      | Learned a level 2 spell: Blink
  3843 | D:5      | Found a white marble altar of Elyvilon.
  3911 | D:5      | Found a staircase to the Ecumenical Temple.
  3941 | D:5      | Noticed a two-headed ogre
  4014 | D:5      | Reached XP level 8. HP: 59/59 MP: 8/8
  4099 | D:6      | Shot with an arrow by a centaur

Illustrated notes

Levels and vault maps discovered:
D:1:      lemuel_arrival_broad_hall, layout_rooms
D:2:      layout_basic, basic_ecumenical_altar, basic_altar, serial_shops,
          nicolae_shop_hallway_stairs
D:3:      layout_loops_cross, nicolae_dithmenos_through_a_glass_darkly,
          uniq_jessica, uniq_terence
D:4:      layout_basic, uniq_eustachio
D:5:      layout_basic, elyvilon_altar_5, kennysheep_mini,
          minmay_temple_entry_tees, corner_web_ring, uniq_ijyb
D:6:      layout_loops_corners, cheibrodos_sewer_entry_drain,
          uniq_crazy_yiuf_cottage, uniq_menkaure, uniq_blork_the_orc

Skill      XL: |  1  2  3  4  5  6  7 |
---------------+----------------------+-----
Unarmed Combat | 4 5 6 7 |  7.4
Shapeshifting  | 4 5 6 |  6.9
Fighting       | |  1.1
Dodging        | |  1.7

Action                     |  1- 3 |  4- 6 |  7- 9 || total
---------------------------+-------+-------+-------++-------
  Melee: Unarmed           |   115 |   146 |    79 ||   340
         Tailslap          |     9 |    16 |     8 ||    33
         Punch             |       |     2 |     2 ||     4
Ability: Lunge             |     6 |    12 |     6 ||    24
         Whirlwind         |       |     4 |     1 ||     5
  Evoke: Wand              |       |       |     2 ||     2
    Use: Scroll            |       |    13 |     3 ||    16
         Potion            |       |       |     3 ||     3
   Stab: Sleeping          |       |     1 |     1 ||     2
 Armour: Skin              |    51 |    66 |    59 ||   176
  Dodge: Dodged            |    75 |    78 |    40 ||   193

Table legend: (Time is in decaauts)
 A = Elapsed time spent in this place.
 B = Non-inter-level travel time spent in this place.
 C = Inter-level travel time spent in this place.
 D = Time resting spent in this place.
 E = Time spent auto-exploring this place.
 F = Levels seen in this place.
 G = Mean time per level.
                   A        B        C        D        E       F      G
               +--------+--------+--------+--------+--------+-----+--------+
         Total |   4060 |   3951 |    109 |    611 |   2366 |   6 |  676.7 |
       Dungeon |   4060 |   3951 |    109 |    611 |   2366 |   6 |  676.7 |
               +--------+--------+--------+--------+--------+-----+--------+

Top non-repeatable levels by time:
     D:4: 1252 daAuts
     D:3: 964 daAuts
     D:5: 850 daAuts
     D:1: 521 daAuts
     D:2: 436 daAuts
     D:6: 35 daAuts
